 Dungeon Crawl Stone Soup version 0.19-a0-1007-g133f65f (webtiles) character file.

61563 Implojin the Grappler (level 14, -1/126 HPs)
             Began as a Minotaur Fighter on July 20, 2016.
             Was a Priest of Okawaru.
             Succumbed to a redback's poison
             ... on level 2 of the Spider Nest.
             The game lasted 00:53:30 (4924 turns).

Implojin the Grappler (Minotaur Fighter)            Turns: 4924, Time: 00:53:30

Health: -1/126     AC: 23    Str: 24    XL:     14   Next: 12%
Magic:  0/19       EV: 23    Int:  5    God:    Okawaru [***...]
Gold:   165        SH: 13    Dex: 20    Spells: 2 memorised, 10 levels left

rFire  . . .     SeeInvis .     D - +1 blowgun
rCold  . . .     Gourm    .     p - +0 plate armour
rNeg   . . .     Faith    .     b - +0 shield
rPois  +         Spirit   +     (helmet restricted)
rElec  .         Dismiss  .     s - +2 cloak {rPois}
rCorr  .         Reflect  .     v - +1 pair of gloves {Str+3}
SustAt .         Harm     .     S - +0 pair of boots
MR     +....                    y - amulet of guardian spirit
Stlth  ..........               L - +4 ring of evasion
                                g - +4 ring of slaying

@: agile, lethally poisoned (-1 -> -17), somewhat resistant to hostile
enchantments, extremely unstealthy
A: retaliatory headbutt, horns 2
a: Heroism, Renounce Religion
}: 1/15 runes: decaying


You were on level 2 of the Spider Nest.
You worshipped Okawaru.
Okawaru was most pleased with you.
You were hungry.

You visited 5 branches of the dungeon, and saw 22 of its levels.

You collected 165 gold pieces.

Inventory:

Hand Weapons
 c - the +2 dire flail "Tatseg" {pain, rC+ MP+9 Str+3, unknown}
   (Okawaru gifted it to you on level 1 of the Swamp)

   In the hands of one skilled in necromantic magic, it inflicts extra damage on
   living creatures.
   It affects your strength (+3).
   It protects you from cold.
   It affects your magic capacity (+9).
 D - a +1 blowgun (weapon)
Missiles
 e - a tomahawk of returning
 k - 2 throwing nets
 A - 2 curare-tipped needles (quivered)
Armour
 b - a +0 shield (worn)
 i - a swamp dragon hide
 p - a +0 plate armour (worn)
 s - a +2 cloak of poison resistance (worn)
 v - a +1 pair of gloves of strength (worn)
 F - a +2 chain mail of poison resistance
 J - a +0 large shield
 M - the +1 scale mail of Terror {rPois rF- rC++ SInv}
   (Okawaru gifted it to you on level 2 of the Swamp)

   It makes you vulnerable to fire.
   It greatly protects you from cold.
   It protects you from poison.
   It lets you see invisible.
 Q - a +3 ring mail
 S - a +0 pair of boots (worn)
Magical Staves
 t - an uncursed staff of air
Jewellery
 f - an uncursed ring of ice
 g - a +4 ring of slaying (left hand)
 m - an uncursed ring of magical power
 r - an uncursed amulet of faith
 x - an uncursed ring of protection from cold
 y - an amulet of guardian spirit (around neck)
 H - an uncursed ring of fire
 L - a +4 ring of evasion (right hand)
Wands
 j - a wand of random effects (25/48)
 l - a wand of slowing (28/48)
 n - a wand of slowing (25/48)
 o - a wand of confusion (12/48)
 C - a wand of lightning (0/15)
 E - a wand of flame (26/48)
 N - a wand of iceblast (2/15)
Scrolls
 q - a scroll of enchant armour
 w - 4 scrolls of teleportation
 K - 2 scrolls of remove curse
 O - a scroll of blinking
Potions
 u - a potion of brilliance
 I - a potion of agility
Books
 a - a book of Alchemy

   Spells                             Type                      Level
   a - Sublimation of Blood           Necromancy                   2
   b - Ignite Poison                  Fire/Transmutation/Poison    3
   c - Petrify                        Transmutation/Earth          4
   d - Alistair's Intoxication        Transmutation/Poison         5
   e - Irradiate                      Conjuration/Transmutation    5
 h - a book of Beasts

   Spells                             Type                      Level
   a - Summon Butterflies             Summoning                    1
   b - Call Canine Familiar           Summoning                    3
   c - Summon Ice Beast               Ice/Summoning                4
   d - Summon Mana Viper              Hexes/Summoning              5
   e - Summon Hydra                   Summoning                    7
 G - a book of Enchantments

   Spells                             Type                      Level
   a - Cause Fear                     Hexes                        4
   b - Yara's Violent Unravelling     Hexes/Transmutation          5
   c - Silence                        Hexes/Air                    5
   d - Deflect Missiles               Charms/Air                   6
   e - Haste                          Charms                       6
   f - Discord                        Hexes                        8
Comestibles
 d - 10 bread rations
 B - a meat ration
 P - a beef jerky


   Skills:
 - Level 12.0 Fighting
 - Level 12.2 Armour
 - Level 12.0 Dodging
 - Level 11.2 Shields
 * Level 13.9 Unarmed Combat
 - Level 8.0 Invocations


You had 10 spell levels left.
You knew the following spells:

 Your Spells              Type           Power        Failure   Level  Hunger
a - Swiftness             Chrm/Air       #.......     100%        2    ###....
b - Summon Butterflies    Summ           #.......     100%        1    ##.....


Dungeon Overview and Level Annotations

Branches:
Dungeon (11/15)            Temple (1/1) D:5            Lair (4/6) D:11
  Swamp (4/4) Lair:3       Spider (2/4) Lair:2
    Orc: D:9-12

Altars:
Cheibriados
Dithmenos
Elyvilon
Gozag
Hepliaklqana
Kikubaaqudgha
Nemelex Xobeh
Okawaru
Ru
Trog
Vehumet
The Shining One

Shops:
D:9 *


Innate Abilities, Weirdness & Mutations

You reflexively headbutt those who attack you in melee.
You have a pair of horns on your head.


Message History

Unknown command.
* * * LOW HITPOINT WARNING * * *
You feel very sick.
Wield which item (- for none, * to show all)? (? for menu, Esc to quit)
Okay, then.
Put on which piece of jewellery? (? for menu, Esc to quit)
Okay, then.
Okay, then.
Put on which piece of jewellery? (? for menu, Esc to quit)
Really remove
r - an amulet of faith?
You remove your amulet of faith.
Okawaru seems less interested in you.
You feel less pious.
* * * LOW HITPOINT WARNING * * *
You feel sick.
You feel your power drawn to a protective spirit.
y - an amulet of guardian spirit (around neck)
* * * LOW HITPOINT WARNING * * *
You feel sick.
Unknown command.
Unknown command.
* * * LOW HITPOINT WARNING * * *
You feel sick.
There is a stone staircase leading up here.
Firing (i - inventory. (,) - cycle):
A - 3 curare-tipped needles (quivered)
Press: ? - help, Shift-Dir - straight line, f/p - boulder beetle
Aim: a boulder beetle (moderately wounded, slow, poisoned)
You shoot a curare-tipped needle.
The curare-tipped needle hits the boulder beetle.
The boulder beetle looks as sick as possible!
The boulder beetle convulses.
The boulder beetle seems to be slow for longer.
The boulder beetle is moderately wounded.
* * * LOW HITPOINT WARNING * * *
You feel sick.
You feel like a meek peon again.
* * * LOW HITPOINT WARNING * * *
You feel sick.
Unknown command.
Okay, then.
You die...

.# .## ####
#..#
#.#...###...#.
#...^...@.#..
####....#......
#...<#.#≈#.##.
......##B.#≈# #
.$#.# ##(.# #
#.≈^# #...#
#≈#≈# #^###


You could see a boulder beetle.

Vanquished Creatures
  The ghost of Shard1697 the Black Belt, an adept DsTm of Okawaru (Swamp:4)
  Louise (Swamp:1)
  A fire dragon (Swamp:4)
  17 hydras
  Erica (Lair:2)
  4 alligators
  Sonja (D:10)
  8 swamp dragons
  2 spriggan druids (Swamp:4)
  3 shambling mangroves
  An unseen horror (D:11)
  3 wolf spiders
  An orb spider (Spider:1)
  3 hornets (Swamp:1)
  A necromancer (Swamp:1)
  A manticore (D:11)
  A cyclops (D:11)
  Maurice (D:11)
  The ghost of Mekire the Skirmisher, a novice DrWn (D:5)
  11 spiny frogs
  A swamp worm zombie (Swamp:1)
  A komodo dragon (Lair:3)
  2 jumping spiders
  6 giant leeches
  4 bog bodies
  7 slime creatures (Swamp:4)
  A boulder beetle (Spider:1)
  5 redbacks
  3 spriggans (Swamp:4)
  A basilisk (Lair:2)
  9 vampire mosquitoes
  A hungry ghost (D:8)
  14 swamp worms
  8 insubstantial wisps
  2 water moccasins (Lair:2)
  Duvessa (D:7)
  2 hell hounds (D:11)
  15 swamp drakes
  6 wasps (Swamp:4)
  4 ogres
  3 centaurs
  3 crocodiles
  A komodo dragon zombie (Swamp:1)
  6 giant frogs
  A gnoll sergeant (D:8)
  A water moccasin zombie (Swamp:1)
  Dowan (D:7)
  3 howler monkeys (D:7)
  An electric eel (Lair:1)
  A crimson imp (D:8)
  A giant frog zombie (D:10)
  A jelly (D:5)
  A hound (D:8)
  3 centaur skeletons
  7 orc wizards
  A giant frog skeleton (D:4)
  An iguana (D:4)
  Natasha (twice) (D:4)
  A hound zombie (D:5)
  9 gnolls
  7 adders
  6 river rats (Lair:1)
  3 swamp drake zombies (Swamp:1)
  2 oozes (D:4)
  2 worms
  A dart slug (D:1)
  6 giant geckos
  19 orcs
  A ball python (D:4)
  2 bats
  A giant cockroach (D:1)
  3 goblins
  2 hobgoblins
  7 jackals
  4 kobolds
  3 quokkas
  A giant gecko skeleton (D:8)
  2 giant newts (D:1)
  2 rats
278 creatures vanquished.

Vanquished Creatures (others)
  An emperor scorpion (Spider:1)
  A swamp dragon (Swamp:4)
  A redback (Spider:2)
3 creatures vanquished.

Grand Total: 281 creatures vanquished

Notes
Turn   | Place    | Note
-------+----------+-------------------------------------------
     0 | D:1      | Implojin the Minotaur Fighter began the quest for the Orb.
     0 | D:1      | Reached XP level 1. HP: 19/19 MP: 0/0
    50 | D:1      | Reached skill level 3 in Unarmed Combat
    50 | D:1      | Reached XP level 2. HP: 25/26 MP: 1/1
   199 | D:2      | Reached XP level 3. HP: 31/31 MP: 2/2
   235 | D:2      | Found a sparkling altar of Nemelex Xobeh.
   295 | D:3      | Reached skill level 4 in Unarmed Combat
   339 | D:4      | Noticed Natasha
   348 | D:4      | Reached XP level 4. HP: 31/39 MP: 3/3
   351 | D:4      | Killed Natasha
   351 | D:4      | Reached skill level 5 in Unarmed Combat
   398 | D:4      | Reached XP level 5. HP: 23/45 MP: 4/4
   437 | D:4      | Reached skill level 6 in Unarmed Combat
   495 | D:4      | Reached skill level 7 in Unarmed Combat
   495 | D:4      | Reached XP level 6. HP: 20/51 MP: 5/5
   517 | D:4      | Noticed Natasha
   531 | D:4      | Killed Natasha
   602 | D:5      | Entered Level 5 of the Dungeon
   736 | D:5      | Noticed Mekire's ghost (novice DrWn)
   747 | D:5      | Killed Mekire's ghost
   747 | D:5      | Reached skill level 9 in Unarmed Combat
   747 | D:5      | Reached XP level 7. HP: 10/57 MP: 6/6
   760 | D:5      | HP: 2/57 [something (6)]
   819 | D:5      | Found a staircase to the Ecumenical Temple.
   823 | Temple   | Entered the Ecumenical Temple
   852 | Temple   | Became a worshipper of Warmaster Okawaru
   978 | D:6      | Found a bloodstained altar of Trog.
  1015 | D:7      | Noticed Duvessa
  1024 | D:7      | Noticed Dowan
  1024 | D:7      | Killed Duvessa
  1025 | D:7      | Killed Dowan
  1025 | D:7      | Reached skill level 10 in Unarmed Combat
  1044 | D:7      | Reached XP level 8. HP: 44/64 MP: 7/7
  1056 | D:7      | Reached * piety under Okawaru
  1065 | D:7      | HP: 1/64 [ogre/giant spiked club (24)]
  1129 | D:8      | Found a hazy altar of Hepliaklqana.
  1143 | D:7      | Reached skill level 11 in Unarmed Combat
  1251 | D:8      | Reached skill level 12 in Unarmed Combat
  1291 | D:8      | Reached ** piety under Okawaru
  1291 | D:8      | Reached skill level 4 in Fighting
  1300 | D:8      | Reached skill level 5 in Fighting
  1402 | D:8      | Reached skill level 1 in Invocations
  1402 | D:8      | Reached XP level 9. HP: 31/74 MP: 5/8
  1414 | D:8      | Reached skill level 2 in Invocations
  1511 | D:9      | Reached skill level 3 in Invocations
  1534 | D:9      | Reached skill level 6 in Fighting
  1555 | D:9      | Found Xygej's General Store.
  1587 | D:10     | Entered Level 10 of the Dungeon
  1632 | D:10     | Noticed Sonja
  1679 | D:10     | Killed Sonja
  1679 | D:10     | Reached *** piety under Okawaru
  1679 | D:10     | Reached skill level 8 in Fighting
  1713 | D:11     | Noticed a cyclops
  1719 | D:11     | Killed a cyclops
  1719 | D:11     | Reached skill level 9 in Fighting
  1750 | D:10     | Found a sacrificial altar of Ru.
  1841 | D:11     | Noticed a manticore
  1852 | D:11     | Killed a manticore
  1852 | D:11     | Reached **** piety under Okawaru
  1852 | D:11     | Reached skill level 10 in Fighting
  1853 | D:11     | Killed an unseen horror
  1853 | D:11     | Reached skill level 11 in Fighting
  1853 | D:11     | Reached XP level 10. HP: 23/95 MP: 8/11
  1945 | D:11     | Found a glowing golden altar of the Shining One.
  1966 | D:11     | Noticed Maurice
  1979 | D:11     | Killed Maurice
  1997 | D:11     | Found a staircase to the Lair.
  2022 | Lair:1   | Entered Level 1 of the Lair of Beasts
  2067 | Lair:1   | Reached skill level 12 in Fighting
  2085 | Lair:2   | Reached skill level 4 in Shields
  2114 | Lair:3   | Reached skill level 5 in Shields
  2122 | Lair:3   | Reached ***** piety under Okawaru
  2122 | Lair:3   | Reached skill level 6 in Shields
  2132 | Lair:3   | Found a staircase to the Swamp.
  2154 | Swamp:1  | Entered Level 1 of the Swamp
  2174 | Swamp:1  | Reached skill level 7 in Shields
  2197 | Swamp:1  | Noticed a necromancer
  2216 | Swamp:1  | Reached skill level 8 in Shields
  2218 | Swamp:1  | Killed a necromancer
  2218 | Swamp:1  | Reached skill level 9 in Shields
  2231 | Swamp:1  | Identified Sif Muna's Volume of Hedging (You found it on level 1 of the Swamp)
  2238 | Swamp:1  | Learned a level 2 spell: Swiftness
  2294 | Swamp:1  | Noticed a spiny frog
  2302 | Swamp:1  | Killed a spiny frog
  2316 | Swamp:1  | Noticed a spiny frog
  2317 | Swamp:1  | Noticed a shambling mangrove
  2324 | Swamp:1  | Killed a spiny frog
  2324 | Swamp:1  | Reached XP level 11. HP: 37/104 MP: 9/12
  2342 | Swamp:1  | Killed a shambling mangrove
  2342 | Swamp:1  | Reached skill level 10 in Shields
  2353 | Swamp:1  | Reached ****** piety under Okawaru
  2353 | Swamp:1  | Reached skill level 11 in Shields
  2354 | Swamp:1  | :oops
  2538 | Swamp:1  | :this floorgen ;_;
  2569 | Swamp:1  | Noticed Louise
  2586 | Swamp:1  | Killed Louise
  2586 | Swamp:1  | Received a gift from Okawaru
  2586 | Swamp:1  | Reached skill level 6 in Armour
  2595 | Swamp:1  | Got a smoking dire flail {god gift}
  2619 | Swamp:2  | Noticed an alligator
  2629 | Swamp:2  | Killed an alligator
  2629 | Swamp:2  | Reached skill level 7 in Armour
  2631 | Swamp:2  | Noticed a swamp dragon
  2641 | Swamp:2  | Killed a swamp dragon
  2641 | Swamp:2  | Reached skill level 8 in Armour
  2653 | Swamp:2  | Noticed an alligator
  2668 | Swamp:2  | Killed an alligator
  2668 | Swamp:2  | Reached skill level 9 in Armour
  2738 | Swamp:2  | Received a gift from Okawaru
  2739 | Swamp:2  | Got a distressingly furry scale mail {god gift}
  2781 | Swamp:2  | Found a radiant altar of Vehumet.
  2810 | Swamp:3  | Noticed a six-headed hydra
  2829 | Swamp:3  | Killed a six-headed hydra
  2829 | Swamp:3  | Reached skill level 10 in Armour
  2891 | Swamp:3  | Noticed a six-headed hydra
  2891 | Swamp:3  | Noticed an alligator
  2891 | Swamp:3  | Noticed an alligator
  2896 | Swamp:3  | Killed an alligator
  2896 | Swamp:3  | Reached skill level 11 in Armour
  2896 | Swamp:3  | Reached XP level 12. HP: 53/112 MP: 13/13
  2898 | Swamp:3  | Noticed a four-headed hydra
  2911 | Swamp:3  | Killed a four-headed hydra
  2952 | Swamp:3  | Killed a six-headed hydra
  2952 | Swamp:3  | Reached skill level 12 in Armour
  3009 | Swamp:4  | Entered Level 4 of the Swamp
  3009 | Swamp:4  | Noticed a seven-headed hydra
  3009 | Swamp:4  | Noticed Shard1697's ghost (adept DsTm)
  3019 | Swamp:3  | Killed a seven-headed hydra
  3019 | Swamp:3  | Reached skill level 2 in Dodging
  3081 | Swamp:3  | Reached skill level 3 in Dodging
  3142 | Swamp:3  | Noticed a seven-headed hydra
  3149 | Swamp:3  | Killed a seven-headed hydra
  3149 | Swamp:3  | Reached skill level 4 in Dodging
  3184 | Swamp:3  | Killed an alligator
  3184 | Swamp:3  | Reached skill level 5 in Dodging
  3228 | Swamp:3  | Identified the +1 scale mail of Terror {rPois rF- rC++ SInv} (Okawaru gifted it to you on level 2 of the Swamp)
  3257 | Swamp:4  | Noticed a five-headed hydra
  3269 | Swamp:4  | Killed a five-headed hydra
  3269 | Swamp:4  | Reached skill level 6 in Dodging
  3302 | Swamp:4  | Noticed an eight-headed hydra
  3310 | Swamp:4  | Reached skill level 4 in Invocations
  3316 | Swamp:4  | Killed an eight-headed hydra
  3316 | Swamp:4  | Reached skill level 5 in Invocations
  3337 | Swamp:4  | Received a gift from Okawaru
  3380 | Swamp:4  | Reached skill level 6 in Invocations
  3435 | Swamp:4  | Reached skill level 7 in Invocations
  3558 | Swamp:4  | Reached skill level 8 in Invocations
  3558 | Swamp:4  | Reached XP level 13. HP: 43/118 MP: 15/18
  3624 | Swamp:4  | Reached skill level 7 in Dodging
  3639 | Swamp:4  | Reached skill level 8 in Dodging
  3671 | Swamp:4  | Reached skill level 9 in Dodging
  3685 | Swamp:4  | Received a gift from Okawaru
  3711 | Swamp:4  | Reached skill level 10 in Dodging
  3714 | Swamp:4  | Noticed a thorn hunter
  3747 | Swamp:3  | Learned a level 1 spell: Summon Butterflies
  3770 | Swamp:3  | HP: 4/118 [shambling mangrove (22)]
  4226 | Swamp:4  | Killed Shard1697's ghost
  4226 | Swamp:4  | Reached skill level 11 in Dodging
  4278 | Swamp:4  | Reached skill level 12 in Dodging
  4294 | Swamp:4  | Received a gift from Okawaru
  4311 | Swamp:4  | Noticed a fire dragon
  4339 | Swamp:4  | Killed a fire dragon
  4381 | Swamp:4  | Got a decaying rune of Zot
  4657 | Lair:2   | Reached skill level 13 in Unarmed Combat
  4742 | Lair:2   | Noticed Erica
  4756 | Lair:2   | Killed Erica
  4762 | Lair:2   | Found a hole to the Spider Nest.
  4778 | Spider:1 | Entered Level 1 of the Spider Nest
  4823 | Spider:1 | Reached XP level 14. HP: 89/126 MP: 17/19
  4839 | Spider:1 | Noticed an emperor scorpion
  4864 | Spider:1 | Killed an emperor scorpion
  4865 | Spider:1 | Noticed an emperor scorpion
  4883 | Spider:1 | Noticed an emperor scorpion
  4920 | Spider:2 | HP: 6/126 [poisoned by a redback]
  4922 | Spider:2 | HP: 2/126 [poisoned by a redback]
  4924 | Spider:2 | Succumbed to a redback's poison

Vault maps used:
D:1:      dpeg_arrival_boxorama, minivault_25
D:2:      nemelex_xobeh_ov_fountains_minmay
D:3:      first_bread, uniq_grinder, uniq_terence, uniq_robin, uniq_sigmund
D:4:      fedhas_altar_4, uniq_natasha
D:6:      gammafunk_temple_overflow_elements, serial_shops, shop,
          trog_ov_bears_minmay, uniq_menkaure
D:7:      marbit_many_paths, serial_shops, shop, grunt_ogre_cave, minivault_5,
          minmay_misc_feat_nine_boxes, uniq_duvessa
D:8:      kennysheep_mini
D:9:      serial_shops, shop
D:10:     orc_0_dummy, basic_altar, uniq_sonja
D:11:     minmay_lair_entry_lava, tso_altar, uniq_maurice
Temple:   regret_index_temple_sphere_string
Lair:1:   basic_altar, infiniplex_staircase_pool, grunt_megastairs_1
Lair:2:   spider_nest_entry_webs, lemuel_fruit_tree, grunt_megastairs_3,
          uniq_gastronok, uniq_erica, uniq_nergalle
Lair:3:   minmay_swamp_entry_worms, portal_ice_cave_entry_pillars_1
Lair:4:   st_stairs_7, minmay_lair_drake_nest, infiniplex_staircase_pool_2
Swamp:1:  nicolae_swamp_little_tower, swamp_pool3,
          nicolae_swamp_necromancer_hut, uniq_louise, uniq_donald
Swamp:2:  hangedman_swamp_lotus, swamp_pool1, nicolae_swamp_godswood,
          cheibrodos_swamp_minitomb
Swamp:3:  evilmike_swamp_ruin_house_1, swamp_pool4
Swamp:4:  swamp, swamp_pool1, hangedman_swamp_cone
Spider:1: nicolae_spider_hall_of_the_moth_king, zaba_antful_of_joy
Spider:2: spiders_nest_spider_trap, uniq_aizul

Skill      XL: |  1  2  3  4  5  6  7  8  9 10 11 12 13 |
---------------+----------------------------------------+-----
Unarmed Combat | 3 4 5 7 9 10 12 13 | 13.9
Fighting       | 5 11 12 | 12.0
Invocations    | 1 3 8 |  8.0
Shields        | 9 11 | 11.2
Armour         | 11 12 | 12.2
Dodging        | 6 12 | 12.0

Action                   |  1- 3 |  4- 6 |  7- 9 | 10-12 | 13-15 || total
-------------------------+-------+-------+-------+-------+-------++-------
Melee: Unarmed           |    58 |    92 |   139 |   424 |   323 ||  1036
       Headbutt          |    10 |    14 |    21 |    95 |    80 ||   220
 Fire: Blowgun           |       |       |       |     8 |     4 ||    12
Throw: Tomahawk          |       |       |     2 |     6 |       ||     8
       Throwing net      |       |       |       |     6 |     7 ||    13
Invok: Heroism           |       |       |    17 |    34 |    15 ||    66
       Finesse           |       |       |       |    13 |     8 ||    21
Evoke: Wand              |       |       |       |       |     2 ||     2
  Use: Potion            |       |     3 |     5 |     2 |     3 ||    13
       Scroll            |       |       |    13 |     6 |     3 ||    22
 Stab: Held in net/web   |       |       |       |     6 |     2 ||     8
       Confused          |       |       |       |       |     1 ||     1
  Eat: Bread ration      |       |       |     1 |       |       ||     1
       Chunk             |       |       |     2 |     4 |     2 ||     8
       Meat ration       |       |       |       |     1 |       ||     1
Armor: Scale mail        |    40 |    16 |       |       |       ||    56
       Plate armour      |       |    10 |    65 |    89 |    93 ||   257
       Skin              |       |       |     7 |       |       ||     7
Dodge: Dodged            |    22 |    10 |    19 |    76 |   174 ||   301
Block: Shield            |    29 |    28 |    75 |   180 |   174 ||   486

Table legend:
 A = Turns spent in this place as a percentage of turns spent in the entire game.
 B = Non-inter-level travel turns spent in this place as a percentage of non-inter-level travel turns spent in the entire game.
 C = Inter-level travel turns spent in this place as a percentage of turns spent in this place.
 D = Turns resting spent in this place as a percentage of non-inter-level travel turns spent in this place.
 E = Turns spent auto-exploring this place as a percentage of non-inter-level travel turns spent in this place.
 F = Non-inter-level travel turns spent in this place divided by the number of levels of this place that you've seen.
                   A       B       C       D       E      F
               +-------+-------+-------+-------+-------+----------------------
         Total | 100.0 | 100.0 |   0.0 |   0.3 |   0.0 | 226.1
       Dungeon |  41.3 |  41.3 |   0.0 |   0.4 |   0.0 | 186.9
        Temple |   1.3 |   1.3 |   0.0 |   0.0 |   0.0 |  64.0
          Lair |   7.4 |   7.4 |   0.0 |   0.0 |   0.0 |  92.5
         Swamp |  46.1 |  46.1 |   0.0 |   0.3 |   0.0 | 573.5
   Spider Nest |   3.8 |   3.8 |   0.0 |   0.0 |   0.0 |  95.5
               +-------+-------+-------+-------+-------+----------------------

Table legend:
 A = Kills in this place as a percentage of kills in entire the game.
 B = Kills by you in this place as a percentage of kills by you in the entire game.
 C = Kills by friends in this place as a percentage of kills by friends in the entire game.
 D = Other kills in this place as a percentage of other kills in the entire game.
 E = Experience gained in this place as a percentage of experience gained in the entire game.
 F = Experience gained in this place divided by the number of levels of this place that you have seen.
                   A       B       C       D       E      F
               +-------+-------+-------+-------+-------+----------------------
         Total | 100.0 | 100.0 |  -nan | 100.0 | 100.0 | 3153.5
       Dungeon |  43.1 |  43.5 |  -nan |   0.0 |  10.1 | 635.8
          Lair |   9.6 |   9.7 |  -nan |   0.0 |   7.2 | 1248.0
         Swamp |  43.1 |  43.2 |  -nan |  33.3 |  74.9 | 12993.2
   Spider Nest |   4.3 |   3.6 |  -nan |  66.7 |   7.8 | 2708.5
               +-------+-------+-------+-------+-------+----------------------
